 Dungeon Crawl Stone Soup version 0.14-a0-1844-g8283a67 (webtiles) character file.

1219 Deemzul the Cleaver (level 7, 0/56 HPs)
             Began as a Djinni Fighter on Jan 11, 2014.
             Slain by Deemzul's ghost (13 damage)
             ... on Level 6 of the Dungeon.
             The game lasted 00:12:54 (5397 turns).

Deemzul the Cleaver (Djinni Fighter)                Turns: 5397, Time: 00:12:55

HP   0/56        AC  5     Str 15 (18) XL: 7   Next: 98%
MP   0/0         EV 13     Int  9      God:
Gold 230         SH 17     Dex 12      Spells:  0 memorised,  6 levels left

rFire  + + +     SeeInvis .     b - -2,+1 orc hand axe (curse)
rCold  . . .     Clarity  .     q - +0 troll leather armour {Purgy}
rNeg   + + +     Conserve .     c - +0 shield
rPois  .         rCorr    .     (no helmet)
rElec  .         rRot     .     l - +0 dwarf cloak
SustAb . .       Spirit   .     (no gloves)
rMut   .         Warding  .     (boots unavailable)
Saprov . . .     Stasis   .     (no amulet)
                                F - +5 ring of evasion
                                n - ring of ice

@: flying, slightly resistant to hostile enchantments, unstealthy
A: fire immunity, cold vulnerability, breathe flames 1, life protection 3,
robust 1, evolution 1
a: Breathe Fire


You were on level 6 of the Dungeon.
You were not hungry.

You visited 2 branches of the dungeon, and saw 7 of its levels.
You also visited: Sewer.

You collected 230 gold pieces.

Inventory:

Hand weapons
 b - a cursed -2,+1 orcish hand axe (weapon)
Armour
 c - a +0 shield (worn)
 l - a +0 dwarven cloak (worn)
 q - a +0 troll leather armour (worn) {Purgy}
Magical devices
 E - a wand of magic darts (15)
Comestibles
 u - a royal jelly
Scrolls
 d - 7 scrolls of identify
 f - 2 scrolls of enchant weapon I {unknown}
 g - a scroll of magic mapping {unknown}
 h - 2 scrolls of remove curse
 i - a scroll of enchant weapon II
 o - a scroll of enchant armour
 s - a scroll of fear
 A - 4 scrolls of teleportation
Jewellery
 a - an uncursed ring of magical power
 e - an uncursed ring of positive energy {unknown}
 n - a ring of ice (left hand)
 p - an uncursed ring of fire
 v - an uncursed ring of protection from cold {unknown}
 F - a +5 ring of evasion (right hand)
Potions
 j - a potion of brilliance
 k - 4 potions of curing
 m - 2 potions of speed
 r - 2 potions of agility


   Skills:
 - Level 2.6 Fighting
 * Level 8.6 Axes
 - Level 3.2 Armour
 - Level 3.0 Shields


You had 6 spell levels left.
You didn't know any spells.

Dungeon Overview and Level Annotations

Branches:
Dungeon (6/16)             Temple (1/1) D:6

Altars:
Ashenzari
Elyvilon
Fedhas
Kikubaaqudgha
Makhleb
Nemelex Xobeh
Sif Muna
Trog
Vehumet
Xom
Zin
the Shining One

Annotations:
D:6 Deemzul's ghost, experienced DsFi


Innate Abilities, Weirdness & Mutations

You are immune to all types of fire, even holy and hellish.
You are vulnerable to cold.
You need no food.
You have no legs.
You are immune to negative energy.
You can breathe flames.
You are robust (+10% HP).
You evolve.


Message History

Deemzul's ghost says very slowly, "There's no hope."
Deemzul's ghost hits you.
You hit Deemzul's ghost but do no damage.
Deemzul's ghost is heavily damaged.
Deemzul's ghost hits you!
You hit Deemzul's ghost but do no damage.
Deemzul's ghost is heavily damaged.
You block Deemzul's ghost's attack.
You hit Deemzul's ghost.
Deemzul's ghost is heavily damaged.
Deemzul's ghost hits you.
You hit Deemzul's ghost but do no damage.
Deemzul's ghost is heavily damaged.
Deemzul's ghost hits you!
* * * LOW HITPOINT WARNING * * *
Drink which item? (? for menu, Esc to quit)
There was something very wrong with that liquid!
You feel weakened.
It was a potion of degeneration.
Deemzul's ghost hits you!
You die...

#.# #.####... #.#
#.##..... #.#
#.##.#... #.#
#.>...... #.#
#..#.#.#' #.#
#........ #.#
#......#.
##.#########...#.#.
#.@............#.#.
##p................
#..................
##.#.###.##..###.#.
#.#......#..#####.
#.#####......# #.
#......(.....# #.
######.......####.
#............


You could see Deemzul's ghost.

Vanquished Creatures
  Grinder (D:3)
  Purgy (Sewer)
  An ice beast (D:5)
  An ogre (D:4)
  A crimson imp (D:5)
  2 big fish
  Crazy Yiuf (D:3)
  2 jellies
  3 worker ants
  Ijyb (D:4)
  A worker ant zombie (D:5)
  3 adders
  7 gnolls
  2 worms
  A giant eyeball (D:6)
  An ooze (D:4)
  15 orcs
  5 ball pythons
  11 bats
  7 giant cockroaches
  12 goblins
  8 hobgoblins
  2 jackals (D:3)
  2 giant geckos
  A giant gecko zombie (D:5)
  8 giant newts
  A goblin skeleton (D:5)
  6 kobolds
  3 quokkas
  9 rats
  A rat zombie (D:6)
120 creatures vanquished.

Notes
Turn   | Place    | Note
--------------------------------------------------------------
     0 | D:1      | Deemzul, the Djinni Fighter, began the quest for the Orb.
     0 | D:1      | Reached XP level 1. HP: 16/16 MP: 0/0
   155 | D:1      | Reached XP level 2. EP: 20/22
   626 | D:1      | Reached XP level 3. EP: 28/28
  1689 | D:3      | Reached XP level 4. EP: 32/34
  1747 | D:3      | Reached skill level 4 in Axes
  1767 | D:3      | Noticed Grinder
  1781 | D:3      | Paralysed by Grinder for 2 turns
  1813 | D:3      | Killed Grinder
  1813 | D:3      | Reached skill level 6 in Axes
  1813 | D:3      | Reached XP level 5. EP: 10/40
  1813 | D:3      | Reached XP level 6. EP: 11/47
  2226 | D:3      | Noticed Crazy Yiuf
  2243 | D:3      | Killed Crazy Yiuf
  2460 | D:4      | Noticed Ijyb
  2477 | D:4      | Killed Ijyb
  2947 | D:3      | Gained mutation: You can breathe flames. [potion of mutation]
  2947 | D:3      | Gained mutation: You evolve. [potion of mutation]
  2969 | D:3      | Gained mutation: You are robust (+10% HP). [evolution]
  3131 | D:4      | Reached skill level 7 in Axes
  3131 | D:4      | Reached XP level 7. EP: 56/56
  3250 | D:4      | Found a glowing drain.
  3286 | Sewer    | Entered a sewer
  3316 | Sewer    | Noticed Purgy
  3371 | Sewer    | Killed Purgy
  3527 | D:5      | Entered Level 5 of the Dungeon
  3581 | D:5      | Reached skill level 8 in Axes
  3817 | D:5      | Found a radiant altar of Vehumet.
  4680 | D:6      | Paralysed by a potion of paralysis for 4 turns
  4892 | D:6      | Found a staircase to the Ecumenical Temple.
  4897 | D:6      | Paralysed by a giant eyeball for 2 turns
  4904 | D:6      | Paralysed by a giant eyeball for 4 turns
  4951 | Temple   | Entered the Ecumenical Temple
  5373 | D:6      | Noticed Deemzul's ghost (experienced DsFi)
  5397 | D:6      | Slain by Deemzul's ghost

Action                   |  1- 3 |  4- 6 |  7- 9 || total
-------------------------+-------+-------+-------++-------
Melee: Hand axe          |   194 |   130 |   223 ||   547
 Abil: Breathe Fire      |       |     2 |    10 ||    12
Evoke: Wand              |       |     9 |       ||     9
  Use: Potion            |       |     7 |     7 ||    14
       Scroll            |       |     1 |    13 ||    14
